AoeStats
← ErCoChino

Arena

510398085Analyzed
4v4 RM · 14h ago on Sep 30, 2026· 11m 48s· 8 players
Game mode
Random Map
Map size
Large (8 player)
Population
200
Speed
Normal
Resources
Standard
Victory
Conquest
Starting age
Dark Age
Ending age
Imperial Age
RankedLock teamsTeams togetherTeam positionsShared explorationLock speedFull tech treeHidden civsTurbo modeCheats
Victory
Defeat
🇵🇱 Spanish · Poland
1033
+9
🇨🇴 Burgundians · Colombia
998
+11
🇫🇷 Franks · France
902
+14
🇵🇪 Celts · Peru
828
+19
🇧🇷 Jurchens · Brazil
916
-15
🇸🇪 Saxons · Sweden
898
-14
🇬🇧 Japanese · United Kingdom
895
-14
🇪🇸 Franks · Spain
783
-10
ErCoChino
0:38 Loom
11:25 Feudal Age
Rascota
6:11 Loom
13:23 Feudal Age
Patches
3:28 Loom
Pilgrim
1:58 Loom
2:57 Loom
11:19 Feudal Age
11:55 Double-Bit Axe
11:56 Horse Collar
Eyeskillyou
9:02 Loom
12:12 Feudal Age
11:09 Loom
Ilyrian
11:40 Feudal Age
9:56 Loom
Yogurtu Mghe
12:22 Feudal Age
MiguelAngel
12:29 Feudal Age
Connection lost

Rejoining the realm…

Still unreachable

The connection could not be restored.

Session expired

The server has moved on; the page needs a fresh start.